 Dungeon Crawl Stone Soup version 0.13.0-7-g3df9ff1 (webtiles) character file.

260 Bloax the Ruffian (level 5, 0/31 HPs)
             Began as a Gargoyle Transmuter on Oct 16, 2013.
             Slain by an ogre skeleton (7 damage)
             ... on Level 4 of the Dungeon.
             The game lasted 00:07:29 (989 turns).

Bloax the Ruffian (Gargoyle Transmuter)              Turns: 989, Time: 00:07:29

HP   0/31        AC  9     Str 19      XL: 5   Next: 25%
MP   7/7         EV 10     Int 13      God:
Gold 118         SH  0     Dex 11      Spells:  2 memorised,  4 levels left

Res.Fire  : . . .   See Invis. : .     - Unarmed
Res.Cold  : . . .   Warding    : .   c - +0 dwarf ring mail
Life Prot.: + . .   Conserve   : .   (no shield)
Res.Poison: +       Res.Corr.  : .   (no helmet)
Res.Elec. : +       Clarity    : .   (no cloak)
Sust.Abil.: . .     Spirit.Shd : .   (no gloves)
Res.Mut.  : .       Stasis     : .   (no boots)
Res.Rott. : +       Flight     : .   (no amulet)
Saprovore : . . .                    (no ring)
                                     r - ring of sustenance

@: mighty, slightly resistant to hostile enchantments, extremely unstealthy
A: fangs 1, talons 2, life protection 1, electricity resistance, slow metabolism
1, unbreathing, petrification resistance, AC +4
a: no special abilities


You were on level 4 of the Dungeon.
You were not hungry.

You visited 1 branch of the dungeon, and saw 4 of its levels.

You collected 98 gold pieces.


Innate Abilities, Weirdness & Mutations

You are resistant to torment.
You are immune to poison.
Your stone body is very resilient (AC +4).*
You have very sharp teeth.*
You have razor-sharp toenails.*
You resist negative energy.
You are resistant to electric shocks.*
You have a slow metabolism.
You can survive without breathing.*
You are immune to petrification.


   Skills:
 * Level 3.8 Fighting
 - Level 1.5 Dodging
 * Level 4.6 Unarmed Combat
 - Level 2.0 Spellcasting
 + Level 2.0 Transmutations


You had 4 spell levels left.
You knew the following spells:

 Your Spells              Type           Power        Failure   Level  Hunger
a - Beastly Appendage     Trmt           #.....       21%         1    ##.....
b - Spider Form           Trmt/Pois      #.........   85%         3    ####...


Dungeon Overview and Level Annotations

Branches:
Dungeon (4/27)
 Temple: D:4-7

Altars:
the Shining One

Annotations:
D:4 aimeelou's ghost, average MiFi

Inventory:

Missiles
 b - 12 arrows
Armour
 c - a +0 dwarven ring mail (worn)
   (You found it on level 2 of the Dungeon)
Magical devices
 m - a wand of magic darts (2)
   (You found it on level 2 of the Dungeon)
Comestibles
 a - 5 bread rations
Scrolls
 e - a scroll of random uselessness {unknown}
 g - a scroll of identify
 h - a scroll of teleportation
 j - a scroll of amnesia
 k - a scroll of enchant weapon I {unknown}
 l - 2 scrolls of blinking {unknown}
 n - 4 scrolls of remove curse {unknown}
 o - a scroll of magic mapping {unknown}
 p - a scroll of curse weapon {unknown}
 q - a scroll of fog {unknown}
Jewellery
 r - a ring of sustenance (left hand)
   (You found it on level 4 of the Dungeon)
Books
 d - a book of Changes

   Spells                             Type                      Level
   *Beastly Appendage                 Transmutation                1
   Sticks to Snakes                   Transmutation                2
   *Spider Form                       Transmutation/Poison         3
   Ice Form                           Ice/Transmutation            4
   Blade Hands                        Transmutation                5

### #.. ## ## #.# .
.## #.# .#.} #. ####
#.# ... #.
...####.####.# #.
#.......##}#\## .$
###..####..\.Z.}# #.
#.........##}#@## #.
.#..#.#..####.## #.
.##.#.<#.#..# #...#
####.
............##}.#..#
#....
########.#.####.).##
#%#.. #....# ##_##
#.#.. #.#..# ##
#.#.# #.#..#
....?...#... ..#....
......###?.


You could see an ogre skeleton.


Message History

You see here a dart.
The kobold throws a dart.
The dart hits you!
* * * LOW HITPOINT WARNING * * *
You see here a dart.
The kobold hits you.
* * * LOW HITPOINT WARNING * * *
You miss the kobold. The kobold barely misses you.
You barely miss the kobold. The kobold hits you but does no damage.
You closely miss the kobold. You claw the kobold.
You kill the kobold!
Casting: Beastly Appendage
Okay, then.
You open the door.
There is an open door here.
Found 8 gold pieces.
A goblin comes into view. It is wielding a club.
A killer bee zombie comes into view.
You closely miss the goblin. The goblin hits you but does no damage.
You barely miss the goblin. The goblin hits you with a club.
* * * LOW HITPOINT WARNING * * *
The killer bee zombie hits you but does no damage.
The killer bee zombie hits you but does no damage.
Drink which item? (? for menu, Esc to quit)
You feel very mighty all of a sudden.
The killer bee zombie hits you but does no damage.
The killer bee zombie barely misses you.
Unknown command.
You hit the killer bee zombie. You bite the killer bee zombie.
The killer bee zombie closely misses you.
You barely miss the killer bee zombie. You bite the killer bee zombie.
The killer bee zombie barely misses you.
You closely miss the killer bee zombie. You claw the killer bee zombie!
You destroy the killer bee zombie!
Your Transmutations skill increases to level 2!
You have reached level 5!
You barely miss the goblin. The goblin barely misses you.
You closely miss the goblin. You claw the goblin.
You kill the goblin!
Things that are here:
a club; a goblin corpse
Found a scroll labeled PIFURAICIZ.
You now have 118 gold pieces (gained 8).
Found a stone staircase leading down.
n - 4 scrolls labeled PIFURAICIZ (gained 1)
There is a stone staircase leading down here.
You climb downwards.
Level annotation: aimeelou's ghost, average MiFi
There is a stone staircase leading up here.
An ogre skeleton comes into view.
There is an empty arch of ancient stone here.
There's nothing to close nearby.
There is an empty arch of ancient stone here.
The fountain is a mimic!
The inept fountain mimic splashes you but does no damage.
* * * LOW HITPOINT WARNING * * *
The inept fountain mimic grabs you.
Found an elven long sword.
Found a glowing golden altar of the Shining One.
Your ring mail prevents you from hitting the inept fountain mimic.
The inept fountain mimic barely misses you.
You hit the inept fountain mimic.
The inept fountain mimic is moderately damaged.
The inept fountain mimic closely misses you.
Unknown command.
You punch the inept fountain mimic!
You destroy the inept fountain mimic!
There is an empty arch of ancient stone here.
You punch the ogre skeleton! You claw the ogre skeleton!
The ogre skeleton hits you!
You die...

Action                   |  1- 3 |  4- 6 || total
-------------------------+-------+-------++-------
Melee: Unarmed           |    53 |    41 ||    94
Throw: Dart              |     1 |       ||     1
 Cast: Beastly Appendage |     6 |     1 ||     7
Evoke: Wand              |     6 |     3 ||     9
  Use: Potion            |     9 |     1 ||    10
       Scroll            |     5 |       ||     5
 Stab: Sleeping          |     3 |       ||     3

Vault maps used:
D:1:      evilmike_entry_home_sweet_home, minmay_misc_feat_alley,
          minmay_misc_feat_square
D:2:      fedhas_altar_fruit_tree
D:3:      uniq_sigmund, uniq_iyjb
D:4:      kiku_gazebo_pond_becter, amethyst_overflow_temple_binary

Notes
Turn   | Place    | Note
--------------------------------------------------------------
     0 | D:1      | Bloax, the Gargoyle Transmuter, began the quest for the Orb.
     0 | D:1      | Reached XP level 1. HP: 12/12 MP: 1/1
    51 | D:1      | Reached XP level 2. HP: 6/16 MP: 0/3
   126 | D:1      | HP: 4/16 [kobold/exploding dart (2)]
   134 | D:1      | HP: 2/16 [rat (2)]
   137 | D:1      | Reached skill level 2 in Fighting
   298 | D:2      | HP: 3/16 [rat (3)]
   317 | D:2      | HP: 2/16 [goblin/orcish dagger (2)]
   422 | D:2      | HP: 4/16 [adder (3)]
   425 | D:2      | Reached XP level 3. HP: 2/20 MP: 2/4
   518 | D:2      | HP: 5/20 [hobgoblin (3)]
   595 | D:2      | Learned a level 3 spell: Spider Form
   686 | D:4      | Noticed an ogre
   760 | D:4      | Reached skill level 3 in Fighting
   760 | D:4      | Reached skill level 4 in Unarmed Combat
   760 | D:4      | Reached XP level 4. HP: 26/26 MP: 4/6
   809 | D:4      | Noticed aimeelou's ghost (average MiFi)
   868 | D:4      | HP: 3/26 [aimeelou's ghost (8)]
   892 | D:3      | HP: 3/26 [giant cockroach (2)]
   923 | D:3      | HP: 5/26 [kobold/ dart]
   945 | D:3      | HP: 3/26 [goblin/club (3)]
   951 | D:3      | Reached skill level 2 in Transmutations
   951 | D:3      | Reached XP level 5. HP: 3/31 MP: 7/7
   983 | D:4      | Found a glowing golden altar of the Shining One.
   983 | D:4      | HP: 7/31 [inept fountain mimic]
   989 | D:4      | Slain by an ogre skeleton

Vanquished Creatures
  2 orc wizards (D:4)
  A killer bee zombie (D:3)
  2 adders
  An inept feature mimic (D:4)
  A giant mite (D:1)
  A giant eyeball (D:4)
  4 orcs
  4 goblins
  4 hobgoblins
  2 kobolds
  A ball python (D:2)
  2 bats (D:2)
  5 giant cockroaches
  3 giant newts
  6 rats
39 creatures vanquished.
